 Dungeon Crawl Stone Soup version 0.26-a0-26-ge22fd8933b (webtiles) character file.

Game seed: 15816491437799602242, levelgen mode: deterministic

512 janiczek the Cleaver (level 7, -2/62 HPs)
             Began as a Hill Orc Monk on May 27, 2020.
             Succumbed to Duvessa's poison
             ... on level 4 of the Dungeon.
             The game lasted 00:13:51 (4983 turns).

janiczek the Cleaver (Hill Orc Monk)                Turns: 4983, Time: 00:13:51

Health: -2/62      AC:  9    Str: 16    XL:     7   Next: 19%
Magic:  7/7        EV:  8    Int: 10    God:
Gold:   184        SH:  0    Dex: 19    Spells: 6/6 levels left

rFire    . . .     SeeInvis .   a - +0 hand axe
rCold    . . .     Gourm    .   (no shield)
rNeg     . . .     Faith    .   s - +0 chain mail
rPois    .         Spirit   .   (no helmet)
rElec    .         Reflect  .   (no cloak)
rCorr    .         Harm     .   (no gloves)
MR       .....                  (no boots)
Stlth    ..........             (no amulet)
HPRegen  0.20/turn              l - +6 ring of dexterity
MPRegen  0.10/turn              (no ring)

@: lethally poisoned (-2 -> -87)
A: no striking features
a: no special abilities


You were on level 4 of the Dungeon.
You were hungry.

You visited 1 branch of the dungeon, and saw 4 of its levels.

You collected 184 gold pieces.

Inventory:

Hand Weapons
 a - a +0 hand axe (weapon)
 h - a +4 vampiric short sword
Armour
 s - a +0 chain mail (worn)
Magical Staves
 t - an uncursed staff of air {unknown}
Jewellery
 l - a +6 ring of dexterity (left hand)
Scrolls
 d - 3 scrolls of fear {unknown}
 e - 5 scrolls of identify {unknown}
 i - 2 scrolls of teleportation {unknown}
 j - 3 scrolls of remove curse
 k - 3 scrolls of magic mapping {unknown}
 n - a scroll of immolation {unknown}
 q - a scroll of noise {unknown}
 u - a scroll of enchant armour {unknown}
Potions
 f - a potion of curing
 g - a potion of flight {unknown}
 m - a potion of resistance {unknown}
 o - a potion of magic {unknown}
 p - a potion of lignification {unknown}
 r - a potion of brilliance {unknown}
 w - a potion of might {unknown}
Comestibles
 c - 9 rations


   Skills:
 + Level 5.6 Fighting
 * Level 8.0 Axes
 + Level 3.7 Armour
 - Level 2.4 Dodging
 - Level 1.5 Stealth


You had 6 spell levels left.
You didn't know any spells.
Your spell library was empty.

Dungeon Overview and Level Annotations

Branches:
Dungeon (4/15)             Temple (0/1) D:4

Altars:
Gozag
Qazlal
Sif Muna
Trog
Wu Jian
Xom

Annotations:
D:4 Duvessa


Message History

You are more poisoned.
Press: ? - help, v - describe, . - travel The floor.
You hit Duvessa.
Duvessa is lightly wounded.
You feel very sick.
Duvessa hits you with a +0 short sword of venom.
You are more poisoned.
Duvessa blocks your attack.
Duvessa is lightly wounded.
* * * LOW HITPOINT WARNING * * *
You feel very sick.
Duvessa hits you with a +0 short sword of venom!
* * * LOW HITPOINT WARNING * * *
You are more poisoned.
Duvessa hits you with a +0 short sword of venom.
* * * LOW HITPOINT WARNING * * *
You completely miss Duvessa.
Duvessa is lightly wounded.
You die...

####................#... ##
#...................#...##.
#...................#......
#...........#.......#......
#..........................
#..........................
###..........#.#...........
#.........#.#.#......#...
#.......@#.#.#.#.....#...
#.......e.#.>.#......#...
.........#.#.#.#.......<.
..........#.#.#..........
..........#.#...#......g
###............ #...##g.
.........#............
##.....................
..........


You could see Duvessa (berserk).

Vanquished Creatures
  A phantom (D:4)
  Dowan (D:4)
  A howler monkey (D:3)
  A gnoll shaman (D:4)
  3 orc wizards
  2 worker ants (D:3)
  3 adders
  7 gnolls
  2 oozes
  4 worms
  2 dart slugs (D:1)
  A leopard gecko (D:3)
  5 orcs
  6 bats
  3 giant cockroaches
  7 goblins
  2 hobgoblins
  6 jackals
  A ball python (D:3)
  A frilled lizard (D:2)
  8 kobolds
  A leopard gecko skeleton (D:4)
  10 rats
78 creatures vanquished.

Notes
Turn   | Place    | Note
-------+----------+-------------------------------------------
     0 | D:1      | janiczek the Hill Orc Monk began the quest for the Orb.
     0 | D:1      | Reached XP level 1. HP: 19/19 MP: 1/1
   373 | D:1      | Reached XP level 2. HP: 22/27 MP: 2/2
   626 | D:1      | Reached skill level 1 in Armour
  1012 | D:1      | Reached XP level 3. HP: 27/33 MP: 3/3
  1167 | D:2      | Reached skill level 5 in Axes
  1849 | D:2      | Found a stormy altar of Qazlal.
  1851 | D:2      | Found an ornate altar of the Wu Jian Council.
  1851 | D:2      | Found a shimmering altar of Xom.
  1853 | D:2      | Found an ornate altar of the Wu Jian Council.
  1853 | D:2      | Found a shimmering altar of Xom.
  1853 | D:2      | Found an opulent altar of Gozag.
  2034 | D:2      | Reached XP level 4. HP: 19/40 MP: 4/4
  2527 | D:3      | Found a bloodstained altar of Trog.
  2863 | D:3      | Found an ornate altar of the Wu Jian Council.
  3295 | D:3      | Reached XP level 5. HP: 43/47 MP: 5/5
  3325 | D:3      | Reached skill level 6 in Axes
  3650 | D:4      | Noticed Dowan
  3652 | D:4      | Noticed Duvessa
  3653 | D:4      | Found a staircase to the Ecumenical Temple.
  3897 | D:3      | Reached XP level 6. HP: 54/55 MP: 6/6
  3956 | D:3      | Reached skill level 5 in Fighting
  4081 | D:4      | Noticed a phantom
  4090 | D:3      | Reached skill level 7 in Axes
  4343 | D:4      | Killed a phantom
  4438 | D:4      | Found a shimmering blue altar of Sif Muna.
  4586 | D:4      | Reached XP level 7. HP: 27/61 MP: 7/7
  4973 | D:4      | Killed Dowan
  4973 | D:4      | Reached skill level 8 in Axes
  4982 | D:4      | HP: 3/62 [Duvessa/+0 short sword of venom (2)]
  4983 | D:4      | Succumbed to Duvessa's poison

Illustrated notes

Levels and vault maps discovered:
D:1:      lemuel_arrival_river_ford, layout_basic
D:2:      minmay_angry_zag, layout_rooms, doesnt_xom_only_xom,
          minmay_hedge_maze, grunt_ministairs_12, kennysheep_generic_room_8
D:3:      layout_basic, lemuel_coloured_pillars_altar, old_standard_altar,
          minmay_distorted
D:4:      layout_basic, led_sif_book, minmay_temple_entry_grid, uniq_duvessa

Skill      XL: |  1  2  3  4  5  6  7 |
---------------+----------------------+-----
Armour         | 1 2 3 |  3.7
Fighting       | 4 5 |  5.6
Axes           | 5 6 7 8 |  8.0
Dodging        | |  2.4
Stealth        | |  1.5

Action                   |  1- 3 |  4- 6 |  7- 9 || total
-------------------------+-------+-------+-------++-------
Melee: Hand axe          |   103 |   232 |    27 ||   362
  Use: Potion            |       |     1 |     1 ||     2
       Scroll            |       |     1 |       ||     1
 Stab: Sleeping          |     5 |       |       ||     5
  Eat: Chunk             |     3 |     5 |     1 ||     9
       Ration            |       |     1 |       ||     1
Armor: Robe              |     4 |       |       ||     4
       Leather armour    |     6 |       |       ||     6
       Chain mail        |       |   138 |    12 ||   150
Dodge: Dodged            |    72 |    94 |     7 ||   173

Table legend:
 A = Non-vault XP
 B = Vault XP
 C = Vault XP percentage of total XP
 D = Non-vault monster count
 E = Vault monster count
 F = Vault count percentage of total count
                 A         B        C        D         E       F
            +---------+---------+-------+---------+---------+-------
      Total |     582 |     150 |  20.5 |      63 |      15 |  19.2
            +---------+---------+-------+---------+---------+-------
        D:1 |      25 |      13 |  34.2 |      15 |       1 |   6.2
        D:2 |      18 |      27 |  60.0 |       9 |      10 |  52.6
        D:3 |     343 |       7 |   2.0 |      32 |       2 |   5.9
        D:4 |     196 |     103 |  34.4 |       7 |       2 |  22.2
            +---------+---------+-------+---------+---------+-------
